 Dungeon Crawl Stone Soup version 0.19-a0-1260-gc94d3f7 (webtiles) character file.

12 4thArraOfDagon the Firebug (level 2, 3/17 HPs)
             Began as an Octopode Fire Elementalist on Aug 28, 2016.
             Quit the game on level 5 of the Dungeon.
             The game lasted 00:01:28 (234 turns).

4thArraOfDagon the Firebug (OpFE)                    Turns: 234, Time: 00:01:29

Health: 3/17       AC:  1    Str:  7    XL:     2   Next: 33%
Magic:  0/5        EV: 13    Int: 17    God:
Gold:   39         SH:  0    Dex: 12    Spells: 1 memorised, 4 levels left

rFire  . . .     SeeInvis .     (no weapon)
rCold  . . .     Gourm    .     (no shield)
rNeg   . . .     Faith    .     (helmet restricted)
rPois  .         Spirit   .     (no amulet)
rElec  .         Dismiss  .     (no ring)
rCorr  .         Reflect  .     (no ring)
MR     .....     Harm     .     (no ring)
Stlth  +++.......               (no ring)
                                (no ring)
                                (no ring)
                                (no ring)
                                (no ring)

@: no status effects
A: almost no armour, stealthy swim, amphibious, 8 rings, constrict 8, camouflage
1, gelatinous body 1
a: no special abilities


You were on level 5 of the Dungeon.
You were not hungry.

You visited 1 branch of the dungeon, and saw 5 of its levels.

You collected 39 gold pieces.

Inventory:

Books
 a - a book of Flames

   Spells                             Type                      Level
   a - Flame Tongue                   Conjuration/Fire             1
   b - Throw Flame                    Conjuration/Fire             2
   c - Conjure Flame                  Conjuration/Fire             3
   d - Inner Flame                    Hexes/Fire                   3
   e - Sticky Flame                   Conjuration/Fire             4
   f - Fireball                       Conjuration/Fire             5
Comestibles
 b - a bread ration


   Skills:
 - Level 2.0 Dodging
 - Level 2.6 Stealth
 + Level 2.1 Spellcasting
 * Level 1.2 Conjurations
 * Level 3.5 Fire Magic


You had 4 spell levels left.
You knew the following spells:

 Your Spells              Type           Power        Failure   Level  Hunger
a - Flame Tongue          Conj/Fire      #....        10%         1    #......


Dungeon Overview and Level Annotations

Branches:
Dungeon (5/15)
 Temple: D:4-7

Altars:
Fedhas

Annotations:
D:4 Blork the orc
D:5 Pikel


Innate Abilities, Weirdness & Mutations

You cannot wear most types of armour.
You are very stealthy in the water.
You are amphibious.
You can wear up to eight rings at the same time.
You can use your tentacles to constrict eight enemies at once.
Your skin changes colour to match your surroundings (Stealth+).
Your rubbery body absorbs attacks. (AC +1, EV +1)


Message History

The flame tongue hits the slave.
The slave is moderately wounded.
You constrict the slave. The orc barely misses you. The slave hits you.
Unknown command.
You feel better.
You constrict the slave. The orc hits you with a hand axe!
The slave closely misses you.
A slave comes into view.
Casting: Flame Tongue
Confirm with . or Enter, or press ? or * to list all spells.
Aiming: Flame Tongue
Press: ? - help, Shift-Dir - straight line, f/p - slave
Aim: a slave, wearing an animal skin (heavily wounded, constricted by you)
The flame tongue hits the slave.
The slave is heavily wounded.
The slave shouts!
You constrict the slave, but do no damage.
The orc barely misses you. The slave hits you.
* * * LOW HITPOINT WARNING * * *
Unknown command.
Are you sure you want to abandon this character and quit the game? (Confirm with "yes".)

#<......#.##
######..#..#
............#
#######pP.P.#
#.._..# #.P.P.#
#.....#
..##########.##
.p..pKo@p....#
.#############


You could see Pikel, 3 slaves and an orc.

Vanquished Creatures
  An ooze (D:3)
  2 giant geckos (D:1)
  A goblin (D:1)
  A bat (D:2)
  A giant newt (D:2)
  A rat (D:1)
7 creatures vanquished.

Notes
Turn   | Place    | Note
-------+----------+-------------------------------------------
     0 | D:1      | 4thArraOfDagon the Octopode Fire Elementalist began the quest for the Orb.
     0 | D:1      | Reached XP level 1. HP: 11/11 MP: 3/3
   104 | D:2      | Reached XP level 2. HP: 12/17 MP: 0/5
   202 | D:4      | Noticed Blork the orc
   206 | D:5      | Entered Level 5 of the Dungeon
   210 | D:5      | Found a blossoming altar of Fedhas.
   211 | D:5      | Noticed a slave
   225 | D:5      | Noticed Pikel
   226 | D:5      | Noticed a slave
   233 | D:5      | Noticed a slave
   234 | D:5      | Quit the game

Vault maps used:
D:1:      lemuel_arrival_behind_the_door_large
D:3:      minivault_27
D:4:      serial_shops, shop, shop, nicolae_shop_crystal,
          nicolae_shop_overgrown_old_shop, nicolae_shop_window_shopping,
          uniq_eustachio, uniq_blork_the_orc, uniq_grinder, uniq_sigmund
D:5:      fedhas_altar_1, first_bread, nicolae_qazlal_general_emergency,
          uniq_pikel

Action                   || total
-------------------------++-------
Melee: Unarmed           ||    16
       Constrict         ||     4
 Cast: Flame Tongue      ||    12
  Use: Scroll            ||     3
       Potion            ||     2
Armor: Skin              ||     2
Dodge: Dodged            ||    23
